 Dungeon Crawl Stone Soup version 0.31-a0-231-g51bb95cda3 (webtiles) character file.

Game seed: 499656314767758905

235 qw the Shooter (level 5, 0/46 HPs)
             Began as a Minotaur Hexslinger on July 6, 2023.
             Engulfed by a steam dragon's steam (14 damage)
             ... on level 6 of the Dungeon.
             The game lasted 00:00:38 (1468 turns).

qw the Shooter (Minotaur Hexslinger)                Turns: 1468, Time: 00:00:38

Health: 0/46       AC:  3    Str: 12    XL:     5   Next: 76%
Magic:  5/5        EV: 12    Int:  7    God:
Gold:   22         SH:  0    Dex: 15    Spells: 5/6 levels left

rFire   . . .        Y - +2 sling
rCold   . . .        (no shield)
rNeg    . . .        e - +1 robe of Circular Logic {*Slow rElec Regen+ Int-3}
rPois   .            (helmet restricted)
rElec   +            (no cloak)
rCorr   .            (no gloves)
SInv    .            (no boots)
Will    .....        (no amulet)
Stlth   +            (no ring)
HPRegen 1.07/turn    (no ring)
MPRegen 0.09/turn

%: slow self (1%)
@: slowed, very slow
A: horns 2, retaliatory headbutt
a: no special abilities


You were on level 6 of the Dungeon.
You visited 1 branch of the dungeon, and saw 4 of its levels.

You collected 124 gold pieces.
You spent 102 gold pieces at shops.


Innate Abilities, Weirdness & Mutations

You have a pair of horns on your head.
You reflexively headbutt those who attack you in melee.


   Skills:
 - Level 3.8 Fighting
 + Level 5.8 Ranged Weapons
 - Level 2.1 Dodging
 - Level 1.0 Spellcasting
 - Level 2.0 Hexes


You had 5 spell levels left.
You knew the following spells:

 Your Spells              Type           Power      Damage    Failure   Level
a - Slow                  Hex            12%        N/A       19%         1

Your spell library contained the following spells:

 Spells                   Type           Power      Damage    Failure   Level
 Inner Flame              Hex/Fire       1%         N/A       63%         3
 Portal Projectile        Hex/Tloc       2%         N/A       63%         3
 Cause Fear               Hex            1%         N/A       88%         4

Inventory:

Hand Weapons
 Y - a +2 sling (weapon)
Armour
 e - the +1 robe of Circular Logic (worn) {*Slow rElec Regen+ Int-3}
   (You bought it in a shop on level 2 of the Dungeon)

   Int:       It affects your intelligence (-3).
   rElec:     It insulates you from electricity.
   Regen:     It increases your rate of health regeneration.
   *Slow:     It may slow you when you take damage.
Jewellery
 f - a ring of ice
Scrolls
 b - a scroll of identify
Potions
 d - a potion of haste
 g - a potion of enlightenment
 h - a potion of might

Dungeon Overview and Level Annotations

Branches:
Dungeon (3/15)

Altars:

Shops:
D:2 [!


Message History

The orc priest is heavily wounded.
The orc barely misses you. The orc misses you. You furiously retaliate!
You headbutt the orc. You shoot a sling bullet.
The sling bullet closely misses the orc. x2
The sling bullet hits the orc priest.
The orc priest is heavily wounded.
The orc misses you.
You shoot a sling bullet.
The sling bullet closely misses the orc.
The sling bullet barely misses the orc.
The sling bullet hits the orc priest.
The orc priest is severely wounded.
The orc hits you with a +0 club. x2
You shoot a sling bullet.
The sling bullet closely misses the orc.
The sling bullet hits the orc!
You kill the orc!
The orc barely misses you. You furiously retaliate!
You headbutt the orc.
You kill the orc!
The orc priest looks satisfied for a moment.
You shoot a sling bullet.
The sling bullet barely misses the steam dragon.
The sling bullet hits the orc priest.
The orc priest is almost dead.
The steam dragon bites you. The steam dragon barely misses you.
You shoot a sling bullet.
The sling bullet closely misses the steam dragon.
The sling bullet hits the orc priest!
You kill the orc priest!
The steam dragon bites you! The steam dragon barely misses you.
You shoot a sling bullet.
The sling bullet barely misses the steam dragon.
You hear the slow hiss of a very distant avalanche of sand.
The steam dragon breathes steam at you. The ball of steam hits you!!
The steam dragon closely misses you. The steam dragon barely misses you.
You shoot a sling bullet. The sling bullet hits the steam dragon.
The steam dragon is lightly wounded.
You are engulfed in a cloud of scalding steam.
You die...

.####
##.....## ...#
##.......##
...#
#.........#
...
+.........+
..#
#.........#
#)# #.......#
#D# #.....#
#@# ###...###
#¤# #....)%.#
#¤# #.##.##.#
#.# #.##.##.#
#.####.##.##.#
#..........#.#
######.......#
#.#...#.....
#.##.##.....


You could see a steam dragon.

Vanquished Creatures
  Blork the orc (D:6)
  2 orc priests (D:6)
  A hound (D:6)
  3 adders (D:2)
  An ufetubus (D:6)
  2 orcs (D:6)
  8 bats
  3 endoplasms (D:1)
  4 giant cockroaches
  2 goblins (D:1)
  2 hobgoblins (D:1)
  A quokka (D:1)
  7 ball pythons (D:1)
  2 frilled lizards (D:1)
  6 kobolds
  4 rats
49 creatures vanquished.

Notes
Turn   | Place    | Note
-------+----------+-------------------------------------------
     0 | D:1      | qw the Minotaur Hexslinger began the quest for the Orb.
     0 | D:1      | Reached XP level 1. HP: 16/16 MP: 1/1
     0 | D:1      | 0 ||| qw: Version: 0.3-a-46-gb1f654a
     0 | D:1      | 0 ||| qw: Game counter: 1903
     0 | D:1      | 0 ||| qw: Melee chars always use a shield: true
     0 | D:1      | 0 ||| qw: God list: Okawaru
     0 | D:1      | 0 ||| qw: Allow faded altars: false
     0 | D:1      | 0 ||| qw: Do Orc after clearing Dungeon:15 true
     0 | D:1      | 0 ||| qw: Do second Lair branch before Depths: true
     0 | D:1      | 0 ||| qw: Lair rune preference: random
     0 | D:1      | 0 ||| qw: Goals: Normal
     0 | D:1      | 0 ||| PLANNING D:1-11
    72 | D:1      | Reached skill level 3 in Ranged Weapons
    88 | D:1      | Reached XP level 2. HP: 23/23 MP: 2/2
   246 | D:1      | 246 ||| Stepping ~*~*~tactically~*~*~ (outnumbered).
   544 | D:1      | Reached XP level 3. HP: 29/29 MP: 3/3
   709 | D:1      | 709 ||| READING scroll labelled RATWEM RUOZO.
   713 | D:1      | 713 ||| READING scroll labelled ECYAS QAMO.
   714 | D:1      | 714 ||| READING scroll labelled GAHAOX WALISE.
   715 | D:1      | 715 ||| READING scroll labelled ETOKHLE UNAXZED.
   716 | D:1      | 716 ||| DRINKING 2 glowing ruby potions.
   717 | D:1      | 717 ||| DROPPING scroll of poison.
   772 | D:2      | Reached skill level 4 in Ranged Weapons
   824 | D:2      | Found Baleifon's Antique Armour Boutique.
   837 | D:2      | 837 ||| BUYING fabulously ornate robe (102 gold).
   837 | D:2      | Bought a fabulously ornate robe for 102 gold pieces
   837 | D:2      | Identified the +1 robe of Circular Logic {*Slow rElec
                  | Regen+ Int-3} (You bought it in a shop on level 2 of the
                  | Dungeon)
   837 | D:2      | 837 ||| SHOPLISTING glowing cloak (135 gold, have 7).
   837 | D:2      | 837 ||| SHOPLISTING slimy ring mail (162 gold, have 7).
  1085 | D:2      | Reached XP level 4. HP: 36/36 MP: 4/4
  1097 | D:2      | Found Utopn's Distillery.
  1100 | D:2      | 1100 ||| SHOPLISTING potion of curing (33 gold, have 22).
  1100 | D:2      | 1100 ||| SHOPLISTING potion of haste (110 gold, have 22).
  1100 | D:2      | 1100 ||| SHOPLISTING potion of heal wounds (55 gold, have
                  | 22).
  1100 | D:2      | 1100 ||| SHOPLISTING potion of might (44 gold, have 22).
  1333 | D:2      | 1333 ||| UPGRADING to +1 robe of Circular Logic {*Slow
                  | rElec Regen+ Int-3}.
  1343 | D:2      | 1343 ||| DROPPING +0 robe.
  1344 | D:2      | 1344 ||| READING 4 scrolls of identify.
  1344 | D:2      | 1344 ||| IDENTIFYING orange potion
  1345 | D:2      | 1345 ||| READING 3 scrolls of identify.
  1345 | D:2      | 1345 ||| IDENTIFYING smoky orange potion
  1346 | D:2      | 1346 ||| READING 2 scrolls of identify.
  1346 | D:2      | 1346 ||| IDENTIFYING black potion
  1377 | D:3      | You fall into a shaft and drop 3 floors!
  1378 | D:6      | 1378 ||| PLANNING OSSUARY
  1381 | D:6      | Noticed Blork the orc
  1384 | D:6      | Reached skill level 5 in Ranged Weapons
  1392 | D:6      | HP: 6/36 [Blork the orc/+0 glaive (11)]
  1393 | D:6      | 1393 ||| DRINKING potion of heal wounds.
  1399 | D:6      | Killed Blork the orc
  1400 | D:6      | Reached skill level 3 in Fighting
  1400 | D:6      | Reached XP level 5. HP: 20/46 MP: 5/5
  1460 | D:6      | Noticed a steam dragon
  1468 | D:6      | Engulfed by a steam dragon's steam

Levels and vault maps discovered:
D:1:      ebering_trefoil_twist, layout_basic
D:2:      layout_basic, serial_shops, shop, nicolae_shop_tiny_real_fake_doors
D:3:      layout_basic, uniq_grinder, uniq_crazy_yiuf_cottage
D:6:      layout_loops_corners, nicolae_overflow_hidden_temple, minitemple,
          nicolae_ossuary_entry_monument, serial_shops, shop,
          minmay_misc_feat_chi, uniq_blork_the_orc, uniq_edmund

Skill      XL: |  1  2  3  4 |
---------------+-------------+-----
Ranged Weapons | 3 4 5 |  5.8
Fighting       | 2 3 |  3.8
Dodging        | |  2.1
Spellcasting   | |  1.0
Hexes          | |  2.0

Action                     |  1- 3 |  4- 6 || total
---------------------------+-------+-------++-------
   Fire: Sling             |    92 |    46 ||   138
    Use: Scroll            |     4 |     3 ||     7
         Potion            |     1 |     1 ||     2
 Armour: Robe              |     4 |     4 ||     8
  Dodge: Dodged            |    17 |    19 ||    36

Table legend:
 A = Non-vault XP
 B = Vault XP
 C = Vault XP percentage of total XP
 D = Non-vault monster count
 E = Vault monster count
 F = Vault count percentage of total count
                 A         B        C        D         E       F
            +---------+---------+-------+---------+---------+-------
      Total |     237 |      99 |  29.5 |      48 |       1 |   2.0
            +---------+---------+-------+---------+---------+-------
        D:1 |      49 |       0 |   0.0 |      32 |       0 |   0.0
        D:2 |      50 |       0 |   0.0 |      10 |       0 |   0.0
        D:6 |     138 |      99 |  41.8 |       6 |       1 |  14.3
            +---------+---------+-------+---------+---------+-------
